 Dungeon Crawl Stone Soup version 0.26.0-8-g74fc34ddfb (webtiles) character file.

Game seed: 11627800333893308760

36450 ythm the Reanimator (level 13, -5/100 HPs)
             Began as a Gnoll Necromancer on Jan 12, 2021.
             Was the Champion of Okawaru.
             Slain by a catoblepas (13 damage)
             ... while paralysed
             ... on level 4 of the Lair of Beasts.
             The game lasted 01:05:54 (19150 turns).

ythm the Reanimator (Gnoll Necromancer)            Turns: 19150, Time: 01:05:54

Health: -5/100     AC:  9    Str: 18    XL:     13   Next: 90%
Magic:  9/27       EV:  2    Int: 21    God:    Okawaru [******]
Gold:   980        SH:  0    Dex: 20    Spells: 15/32 levels left

rFire    . . .     SeeInvis .   r - +7 rapier (speed)
rCold    . . .     Faith    .   S - +0 buckler
rNeg     + + +     Spirit   .   x - +0 troll leather armour
rPois    ∞         Reflect  .   K - +0 helmet (curse)
rElec    .         Harm     .   v - +0 cloak {rPois}
rCorr    .         Rampage  .   u - +0 pair of gloves
Will     .....                  (no boots)
Stlth    ++++......             Q - amulet of Fapiammer {Regen+ Dex+4}
HPRegen  1.06/turn              d - +6 ring of strength
MPRegen  0.20/turn              k - ring of positive energy

@: paralysed, petrified, berserk cooldown, slowed
A: distributed training, fangs 1, strong nose
a: Renounce Religion, Heroism, Finesse


You were on level 4 of the Lair of Beasts.
You worshipped Okawaru.
Okawaru was exalted by your worship.
You visited 4 branches of the dungeon, and saw 17 of its levels.

You collected 1090 gold pieces.
You spent 110 gold pieces at shops.

Inventory:

Hand Weapons
 a - a +1 demon trident
 r - a +7 rapier of speed (weapon)
 D - the +6 whip of Vengeance {flame, Int+2}
   (You found it on level 5 of the Dungeon)

   It has been specially enchanted to burn those struck by it, causing extra
   injury to most foes and up to half again as much damage against particularly
   susceptible opponents.
   It affects your intelligence (+2).
Missiles
 s - 10 poisoned darts
 A - 6 silver javelins
 L - 139 bolts
 M - 352 arrows
 Z - 5 javelins
Armour
 h - the +2 pair of gloves of the Saviour {*Slow rC+ Will+++ Stlth+}
   (You found it on level 3 of the Lair of Beasts)

   It protects you from cold.
   It affects your willpower, your defense against some magical effects.
   It may slow you when you take damage.
   It makes you more stealthy.
 u - a +0 pair of gloves (worn)
 v - a +0 cloak of poison resistance (worn)
 x - a +0 troll leather armour (worn)
 G - the +1 kite shield of the Demon Prince {rC+}
   (You found it on level 6 of the Dungeon)

   It protects you from cold.
 K - a cursed +0 helmet (worn)
 N - a scarf of shadows
 S - a +0 buckler (worn)
Jewellery
 d - a +6 ring of strength (left hand)
 e - an uncursed ring of fire
 f - an uncursed amulet of reflection
 k - a ring of positive energy (right hand)
 w - an uncursed ring of ice
 Q - the amulet of Fapiammer (around neck) {Regen+ Dex+4}
   (You found it on level 2 of the Lair of Beasts)

   [amulet of regeneration]

   It affects your dexterity (+4).
   It increases your rate of regeneration.
 R - an uncursed ring of resist corrosion
Wands
 p - a wand of acid (13)
 y - a wand of enslavement (18)
 E - a wand of iceblast (26)
 I - a wand of polymorph (17)
 O - a wand of random effects (20)
 U - a wand of disintegration (13)
 V - a wand of paralysis (18)
Scrolls
 c - 5 scrolls of teleportation
 j - a scroll of immolation
 o - 8 scrolls of remove curse
 F - 3 scrolls of identify
 H - a scroll of silence
 X - a scroll of fog
 Y - a scroll of enchant armour
Potions
 b - 2 potions of heal wounds
 g - 2 potions of invisibility
 i - 10 potions of curing
 l - 3 potions of lignification
 m - 4 potions of mutation
 n - a potion of magic
 q - 2 potions of attraction
 t - 2 potions of resistance
 z - 3 potions of might
 B - a potion of flight
 C - a potion of haste
 J - 2 potions of berserk rage
 P - a potion of brilliance {unknown}
 T - a potion of cancellation


   Skills:
 + Level 8.9 Fighting
 + Level 8.9 Short Blades
 + Level 8.9 Long Blades
 + Level 8.9 Axes
 + Level 8.9 Maces & Flails
 + Level 8.9 Polearms
 + Level 8.9 Staves
 + Level 8.9 Slings
 + Level 8.9 Bows
 + Level 8.9 Crossbows
 + Level 8.9 Throwing
 + Level 8.9 Armour
 + Level 10.0 Dodging
 + Level 9.8 Stealth
 + Level 8.9 Shields
 + Level 8.9 Unarmed Combat
 + Level 10.2 Spellcasting
 + Level 7.4 Conjurations
 + Level 7.4 Hexes
 + Level 7.4 Summonings
 + Level 10.2 Necromancy
 + Level 7.4 Translocations
 + Level 7.4 Transmutations
 + Level 7.4 Fire Magic
 + Level 7.4 Ice Magic
 + Level 7.4 Air Magic
 + Level 7.4 Earth Magic
 + Level 7.4 Poison Magic
 + Level 9.7 Invocations
 + Level 8.9 Evocations


You had 15 spell levels left.
You knew the following spells:

 Your Spells              Type           Power        Failure   Level
a - Magic Dart            Conj           100%         1%          1
b - Vampiric Draining     Necr           26%          1%          3
c - Searing Ray           Conj           82%          1%          2
d - Frozen Ramparts       Ice            82%          1%          3
e - Ozocubu's Armour      Ice            41%          1%          3
f - Iskenderun's Mystic   Conj/Tloc      41%          3%          4
g - Apportation           Tloc           82%          1%          1

Your spell library contained the following spells:

 Spells                   Type           Power        Failure   Level
 Animate Skeleton         Necr           100%         1%          1
 Beastly Appendage        Tmut           82%          1%          1
 Corona                   Hex            45%          1%          1
 Freeze                   Ice            100%         1%          1
 Pain                     Necr           100%         1%          1
 Summon Small Mammal      Summ           100%         1%          1
 Wereblood                Tmut           41%          1%          2
 Dazzling Flash           Conj/Hex       82%          1%          3
 Spider Form              Tmut/Pois      20%          1%          3
 Animate Dead             Necr           26%          1%          4
 Fulminant Prism          Conj/Hex       20%          3%          4
 Hailstorm                Conj/Ice       41%          3%          4
 Ice Form                 Ice/Tmut       41%          3%          4
 Summon Ice Beast         Ice/Summ       41%          3%          4
 Agony                    Necr           52%          3%          5
 Blade Hands              Tmut           20%          10%         5


Dungeon Overview and Level Annotations

Branches:
Dungeon (11/15)            Temple (1/1) D:5            Lair (4/6) D:8
  Swamp (0/4) Lair:4        Snake (1/4) Lair:2          Orc (0/2) D:10

Altars:
Ashenzari
Cheibriados
Dithmenos
Elyvilon
Fedhas
Gozag
Hepliaklqana
Kikubaaqudgha
Makhleb
Nemelex Xobeh
Okawaru
Qazlal
Ru
Sif Muna
Trog
Uskayaw
Vehumet
Wu Jian
Xom
Yredelemnul
Zin
The Shining One

Shops:
D:6 !

Annotations:
Lair:4 exclusion: 4 oklob plants


Innate Abilities, Weirdness & Mutations

Your experience applies equally to all skills.
You have very sharp teeth.
Your uncanny sense of smell can sniff out nearby items.


Message History

* * * LOW HITPOINT WARNING * * *
You are engulfed in calcifying dust.
The yak is engulfed in calcifying dust.
The catoblepas breathes a plume of calcifying dust at you.
The blast of calcifying dust hits you but does no damage.
You are engulfed in calcifying dust.
The yak is engulfed in calcifying dust.
The catoblepas breathes a plume of calcifying dust at you.
The blast of calcifying dust hits you but does no damage.
You are engulfed in calcifying dust.
The catoblepas gores you but does no damage.
You are engulfed in calcifying dust.
The catoblepas breathes a plume of calcifying dust at you.
The blast of calcifying dust hits you but does no damage.
You are no longer berserk.
You pass out from exhaustion.
You feel yourself slow down.
The catoblepas breathes a plume of calcifying dust at you.
The blast of calcifying dust hits you.
* * * LOW HITPOINT WARNING * * *
You are engulfed in calcifying dust.
The catoblepas gores you!!
You die...

S≈≈≈≈.......P#
####...>....###
#.........P# #.#
#.##.......## .. ##
###......# #.# #
#..§..#### ###.?#.#(
##..§.##.####.#......
#......##..##..F.....
###...@YF............
#......Y.#.##........
#..##########........
#..# .$....... ...#
.......... ..#
#...........
###.........
P.....:#..
###.$.....#


You could see a catoblepas, a yak (petrified) and a cane toad.

Vanquished Creatures
  Gastronok (D:8)
  7 hydras
  A boulder beetle (D:11)
  Erica (D:8)
  A catoblepas (Lair:3)
  2 two-headed ogres
  Urug (Lair:1)
  2 unseen horrors
  2 bog bodies (Lair:4)
  Maurice (D:8)
  3 black mambas
  8 elephants
  A gargoyle (D:11)
  8 cane toads
  2 komodo dragons
  2 polar bears
  A troll (D:11)
  3 hornets
  14 blink frogs
  A vampire (D:11)
  4 wyverns
  A wraith (D:11)
  17 yaks
  Grum (D:8)
  3 wargs (D:8)
  12 water moccasins
  6 orc warriors
  3 ice beasts
  5 black bears
  2 sky beasts
  9 ogres
  2 phantoms
  5 wolves
  An eye of draining (D:10)
  9 centaurs
  11 bullfrogs
  A wyvern zombie (D:6)
  4 wights (D:8)
  4 scorpions
  11 killer bees
  4 electric eels (D:6)
  5 howler monkeys
  A centaur zombie (D:9)
  A quasit (D:7)
  5 hounds
  12 orc priests
  A jelly (D:11)
  15 orc wizards
  2 iguanas
  5 worker ants
  3 hound skeletons
  2 worker ant zombies (D:10)
  12 gnolls
  3 howler monkey skeletons
  22 adders
  A shadow imp (D:8)
  A white imp (D:9)
  3 ufetubi
  2 oozes
  An adder skeleton (D:8)
  4 worms
  16 dart slugs
  6 leopard geckos
  38 orcs
  3 ball pythons (Lair:2)
  6 giant cockroaches
  16 goblins
  9 hobgoblins
  6 jackals
  5 quokkas
  10 bats
  2 frilled lizards
  16 kobolds
  2 leopard gecko skeletons (D:5)
  3 rats
416 creatures vanquished.

Vanquished Creatures (others)
  A wizard (D:4)
  A sky beast (D:5)
  An electric eel (Lair:4)
  12 fungi
  37 plants
52 creatures vanquished.

Grand Total: 468 creatures vanquished

Notes
Turn   | Place    | Note
-------+----------+-------------------------------------------
     0 | D:1      | ythm the Gnoll Necromancer began the quest for the Orb.
     0 | D:1      | Reached XP level 1. HP: 13/13 MP: 6/6
   156 | D:1      | Reached XP level 2. HP: 13/19 MP: 5/7
  1058 | D:2      | Reached XP level 3. HP: 23/25 MP: 7/9
  1081 | D:2      | Reached skill level 5 in Spellcasting
  1571 | D:2      | Reached skill level 1 in Invocations
  1669 | D:2      | Found a basalt altar of Yredelemnul.
  2161 | D:2      | Reached skill level 1 in Fighting
  2161 | D:2      | Reached skill level 1 in Short Blades
  2161 | D:2      | Reached skill level 1 in Long Blades
  2161 | D:2      | Reached skill level 1 in Axes
  2161 | D:2      | Reached skill level 1 in Maces & Flails
  2161 | D:2      | Reached skill level 1 in Polearms
  2161 | D:2      | Reached skill level 1 in Staves
  2161 | D:2      | Reached skill level 1 in Slings
  2161 | D:2      | Reached skill level 1 in Bows
  2161 | D:2      | Reached skill level 1 in Crossbows
  2161 | D:2      | Reached skill level 1 in Throwing
  2161 | D:2      | Reached skill level 1 in Armour
  2161 | D:2      | Reached skill level 1 in Shields
  2161 | D:2      | Reached skill level 1 in Unarmed Combat
  2161 | D:2      | Reached skill level 1 in Evocations
  2161 | D:2      | Reached XP level 4. HP: 21/32 MP: 6/11
  2202 | D:2      | Learned a level 3 spell: Vampiric Draining
  2699 | D:3      | Reached skill level 1 in Conjurations
  2699 | D:3      | Reached skill level 1 in Hexes
  2699 | D:3      | Reached skill level 1 in Summonings
  2699 | D:3      | Reached skill level 1 in Translocations
  2699 | D:3      | Reached skill level 1 in Transmutations
  2699 | D:3      | Reached skill level 1 in Fire Magic
  2699 | D:3      | Reached skill level 1 in Ice Magic
  2699 | D:3      | Reached skill level 1 in Air Magic
  2699 | D:3      | Reached skill level 1 in Earth Magic
  2699 | D:3      | Reached skill level 1 in Poison Magic
  2806 | D:3      | Reached XP level 5. HP: 37/37 MP: 2/12
  3575 | D:3      | Reached XP level 6. HP: 44/44 MP: 4/13
  3844 | D:4      | Reached skill level 5 in Dodging
  3844 | D:4      | Noticed a phantom
  3853 | D:4      | Learned a level 2 spell: Searing Ray
  3870 | D:4      | Killed a phantom
  3965 | D:4      | Reached XP level 7. HP: 50/50 MP: 8/15
  4183 | D:4      | Found a bloodstained altar of Trog.
  4186 | D:4      | Noticed a wizard
  4192 | D:4      | Killed a wizard
  4654 | D:4      | Reached skill level 5 in Stealth
  4692 | D:5      | Entered Level 5 of the Dungeon
  4692 | D:5      | Found a staircase to the Ecumenical Temple.
  4711 | D:5      | Got a crystal whip
  4712 | D:5      | Identified the +6 whip of Vengeance {flame, Int+2} (You
                  | found it on level 5 of the Dungeon)
  4791 | Temple   | Entered the Ecumenical Temple
  4857 | Temple   | Became a worshipper of Warmaster Okawaru
  4882 | D:5      | Found a burning altar of Makhleb.
  4934 | D:5      | Reached XP level 8. HP: 52/57 MP: 7/16
  5095 | D:5      | Reached * piety under Okawaru
  5200 | D:5      | Reached skill level 5 in Fighting
  5200 | D:5      | Reached skill level 5 in Short Blades
  5200 | D:5      | Reached skill level 5 in Long Blades
  5200 | D:5      | Reached skill level 5 in Axes
  5200 | D:5      | Reached skill level 5 in Maces & Flails
  5200 | D:5      | Reached skill level 5 in Polearms
  5200 | D:5      | Reached skill level 5 in Staves
  5200 | D:5      | Reached skill level 5 in Slings
  5200 | D:5      | Reached skill level 5 in Bows
  5200 | D:5      | Reached skill level 5 in Crossbows
  5200 | D:5      | Reached skill level 5 in Throwing
  5200 | D:5      | Reached skill level 5 in Armour
  5200 | D:5      | Reached skill level 5 in Shields
  5200 | D:5      | Reached skill level 5 in Unarmed Combat
  5200 | D:5      | Reached skill level 5 in Evocations
  5200 | D:5      | Reached XP level 9. HP: 68/68 MP: 16/20
  5327 | D:5      | Found a glowing golden altar of the Shining One.
  5604 | D:5      | Found a snail-covered altar of Cheibriados.
  6064 | D:6      | Found a shimmering altar of Xom.
  6352 | D:6      | Found Nivvenot's Distillery.
  6362 | D:6      | Got a steaming kite shield
  6380 | D:6      | Bought a potion of haste for 110 gold pieces
  6676 | D:6      | Learned a level 3 spell: Frozen Ramparts
  6680 | D:6      | Learned a level 3 spell: Ozocubu's Armour
  6685 | D:6      | Learned a level 4 spell: Iskenderun's Mystic Blast
  6694 | D:7      | Found an ancient bone altar of Kikubaaqudgha.
  6723 | D:7      | Reached ** piety under Okawaru
  6842 | D:7      | Found an iron altar of Okawaru.
  6942 | D:7      | Noticed a hornet
  6948 | D:7      | Killed a hornet
  7377 | D:7      | Reached XP level 10. HP: 76/76 MP: 21/21
  7417 | D:7      | Identified the +1 kite shield of the Demon Prince {rC+}
                  | (You found it on level 6 of the Dungeon)
  7616 | D:7      | Found a blossoming altar of Fedhas.
  7776 | D:8      | Noticed Erica
  7782 | D:8      | Noticed Maurice
  7792 | D:8      | Killed Erica
  7793 | D:8      | Reached skill level 5 in Conjurations
  7793 | D:8      | Reached skill level 5 in Hexes
  7793 | D:8      | Reached skill level 5 in Summonings
  7793 | D:8      | Reached skill level 5 in Translocations
  7793 | D:8      | Reached skill level 5 in Transmutations
  7793 | D:8      | Reached skill level 5 in Fire Magic
  7793 | D:8      | Reached skill level 5 in Ice Magic
  7793 | D:8      | Reached skill level 5 in Air Magic
  7793 | D:8      | Reached skill level 5 in Earth Magic
  7793 | D:8      | Reached skill level 5 in Poison Magic
  7794 | D:8      | Killed Maurice
  7794 | D:8      | Reached *** piety under Okawaru
  8116 | D:8      | Noticed Gastronok
  8138 | D:8      | Killed Gastronok
  8138 | D:8      | Reached **** piety under Okawaru
  8138 | D:8      | Received a gift from Okawaru
  8257 | D:8      | Found a sparkling altar of Nemelex Xobeh.
  8263 | D:8      | Reached XP level 11. HP: 82/82 MP: 18/23
  8471 | D:8      | Received a gift from Okawaru
  8531 | D:8      | Found a staircase to the Lair.
  8856 | D:8      | Found a glowing silver altar of Zin.
  8861 | D:8      | Found a basalt altar of Yredelemnul.
  8864 | D:8      | Found a shadowy altar of Dithmenos.
  8951 | D:8      | Noticed Grum
  8965 | D:8      | Killed Grum
  8965 | D:8      | Reached ***** piety under Okawaru
  9521 | D:9      | Learned a level 1 spell: Apportation
 10619 | D:9      | Found a shimmering blue altar of Sif Muna.
 10699 | D:10     | Entered Level 10 of the Dungeon
 10739 | D:10     | Found a staircase to the Orcish Mines.
 10768 | D:10     | Killed an unseen horror
 11273 | D:10     | Received a gift from Okawaru
 11552 | D:10     | Noticed a two-headed ogre
 11560 | D:10     | Killed a two-headed ogre
 11979 | D:11     | Noticed a two-headed ogre
 11985 | D:11     | Killed a two-headed ogre
 11986 | D:11     | Reached XP level 12. HP: 91/91 MP: 24/24
 12582 | D:11     | Noticed a boulder beetle
 12593 | D:11     | HP: 1/91 [something (7)]
 12840 | D:11     | Killed a boulder beetle
 12840 | D:11     | Received a gift from Okawaru
 13603 | D:11     | Reached ****** piety under Okawaru
 13621 | D:11     | Received a gift from Okawaru
 13862 | Lair:1   | Entered Level 1 of the Lair of Beasts
 13921 | Lair:1   | Noticed an eight-headed hydra
 13942 | Lair:1   | Killed an eight-headed hydra
 14075 | Lair:1   | Noticed an eight-headed hydra
 14090 | Lair:1   | Killed an eight-headed hydra
 14181 | Lair:1   | Noticed a four-headed hydra
 14208 | Lair:1   | Killed a four-headed hydra
 14208 | Lair:1   | Received a gift from Okawaru
 14925 | Lair:1   | Noticed Urug
 14941 | Lair:1   | Killed Urug
 14942 | Lair:1   | Reached XP level 13. HP: 79/98 MP: 6/26
 16140 | Lair:2   | Received a gift from Okawaru
 16170 | Lair:2   | Found a staircase to the Snake Pit.
 16187 | Lair:2   | Got a crude bone amulet
 16202 | Lair:2   | Identified the amulet of Fapiammer {Regen+ Dex+4} (You
                  | found it on level 2 of the Lair of Beasts)
 16737 | Lair:2   | Reached skill level 10 in Necromancy
 17109 | Snake:1  | Entered Level 1 of the Snake Pit
 17249 | Lair:3   | Learned a level 1 spell: Magic Dart
 17802 | Lair:3   | Got a pair of ichor-stained gloves
 17813 | Lair:3   | Identified the +2 pair of gloves of the Saviour {*Slow rC+
                  | Will+++ Stlth+} (You found it on level 3 of the Lair of
                  | Beasts)
 17871 | Lair:3   | Received a gift from Okawaru
 18430 | Lair:4   | Reached skill level 10 in Spellcasting
 18520 | Lair:4   | Found a staircase to the Swamp.
 19032 | Lair:4   | Reached skill level 10 in Dodging
 19143 | Lair:4   | HP: 7/150 [catoblepas/blast of calcifying dust (1)]
 19150 | Lair:4   | Slain by a catoblepas

Illustrated notes

Levels and vault maps discovered:
D:1:      kilobyte_arrival_exit_the_forest, layout_loops_ring,
          minmay_misc_feat_rows, hangedman_decor_clover_reticule
D:2:      layout_basic, minmay_hexomino_r4
D:3:      layout_rooms, minmay_checkerbox
D:4:      kennysheep_six_static_rooms, layout_basic, trog_wizard
D:5:      corexii_shantytown, layout_basic, kennysheep_mini,
          lemuel_crystal_altar, minmay_temple_entry_offerings, basic_altar,
          item_on_display_a
D:6:      kennysheep_slugbush, layout_basic, brannock_xom_greatest_gift,
          serial_shops, nicolae_shop_crystal
D:7:      layout_basic, kiku_gazebo_garden_becter, basic_altar,
          kennysheep_okawaru_gauntlet
D:8:      layout_loops_ring, overflow_temple_1_default,
          grunt_temple_overflow_diamond, erik_lair_orcish_takeover,
          uniq_gastronok, uniq_erica, uniq_grum, uniq_maurice
D:9:      layout_cave_pods, tgw_sif, lightli_fourway_metalbox
D:10:     layout_loops_cross, david_orc_3
D:11:     layout_stronghold, kennysheep_generic_room_5
Temple:   nicolae_temple_god_jail
Lair:1:   layout_cave_pods, grunt_megastairs_3, uniq_urug
Lair:2:   layout_cave_pods, minmay_snake_entry_six_corridors,
          small_statue_intersection, lemuel_fruit_fields
Lair:3:   layout_roguey, grunt_megastairs_2
Lair:4:   layout_cave_pods, skrybe_swamp_entry_bodies,
          minmay_lair_oklob_chamber, serial_bayou_shore_a
Snake:1:  layout_onion

Skill      XL: |  1  2  3  4  5  6  7  8  9 10 11 12 13 |
---------------+----------------------------------------+-----
Spellcasting   | 5 7 8 9 10 | 10.2
Invocations    | 1 2 3 6 7 8 9 |  9.7
Fighting       | 1 2 5 6 7 8 |  8.9
Short Blades   | 1 2 5 6 7 8 |  8.9
Long Blades    | 1 2 5 6 7 8 |  8.9
Axes           | 1 2 5 6 7 8 |  8.9
Maces & Flails | 1 2 5 6 7 8 |  8.9
Polearms       | 1 2 5 6 7 8 |  8.9
Staves         | 1 2 5 6 7 8 |  8.9
Slings         | 1 2 5 6 7 8 |  8.9
Bows           | 1 2 5 6 7 8 |  8.9
Crossbows      | 1 2 5 6 7 8 |  8.9
Throwing       | 1 2 5 6 7 8 |  8.9
Armour         | 1 2 5 6 7 8 |  8.9
Shields        | 1 2 5 6 7 8 |  8.9
Unarmed Combat | 1 2 5 6 7 8 |  8.9
Evocations     | 1 2 5 6 7 8 |  8.9
Conjurations   | 1 2 4 5 6 7 |  7.4
Hexes          | 1 2 4 5 6 7 |  7.4
Summonings     | 1 2 4 5 6 7 |  7.4
Translocations | 1 2 4 5 6 7 |  7.4
Transmutations | 1 2 4 5 6 7 |  7.4
Fire Magic     | 1 2 4 5 6 7 |  7.4
Ice Magic      | 1 2 4 5 6 7 |  7.4
Air Magic      | 1 2 4 5 6 7 |  7.4
Earth Magic    | 1 2 4 5 6 7 |  7.4
Poison Magic   | 1 2 4 5 6 7 |  7.4
Dodging        | 5 7 8 9 10 | 10.0
Stealth        | 5 6 7 8 9 |  9.8
Necromancy     | 8 9 10 | 10.2

Action                   |  1- 3 |  4- 6 |  7- 9 | 10-12 | 13-15 || total
-------------------------+-------+-------+-------+-------+-------++-------
Melee: Dagger            |     4 |     2 |       |       |       ||     6
       Bite              |       |     3 |    17 |    49 |    38 ||   107
       Rapier            |       |    36 |   132 |   370 |   250 ||   788
       Whip              |       |       |    16 |       |       ||    16
       Punch             |       |       |     2 |       |       ||     2
 Cast: Pain              |    62 |    28 |    51 |    54 |     5 ||   200
       Vampiric Draining |       |    22 |    27 |    33 |    20 ||   102
       Searing Ray       |       |     3 |     2 |    25 |     8 ||    38
       Frozen Ramparts   |       |       |       |    43 |     7 ||    50
       Ozocubu's Armour  |       |       |       |    36 |    12 ||    48
       Iskenderun's Myst |       |       |       |    23 |    23 ||    46
       Magic Dart        |       |       |       |       |     1 ||     1
Evoke: Wand              |       |       |       |     6 |       ||     6
  Use: Scroll            |     8 |     1 |    12 |    10 |     7 ||    38
       Potion            |       |       |     2 |     9 |     1 ||    12
 Stab: Sleeping          |     1 |     6 |    10 |     9 |    10 ||    36
       Distracted        |       |       |     3 |     2 |     1 ||     6
       Paralysed         |       |       |       |     1 |       ||     1
Armor: Robe              |       |     1 |    12 |    25 |       ||    38
       Skin              |       |       |    35 |    10 |       ||    45
       Troll leather arm |       |       |       |    18 |    60 ||    78
Dodge: Dodged            |     9 |    24 |    75 |   245 |   164 ||   517
Block: Other             |     2 |    11 |       |       |       ||    13
       Reflection        |     1 |       |       |       |       ||     1
       Buckler           |       |       |       |    71 |    71 ||   142
